AoeStats
← [SSB] LisanAlGaib

Arena

509487296Analyzed
1v1 RM · 5d ago on Sep 26, 2026· 47m 59s· 2 players
Game mode
Random Map
Map size
Tiny (2 player)
Population
200
Speed
Normal
Resources
Standard
Victory
Conquest
Starting age
Dark Age
Ending age
Imperial Age
RankedLock teamsTeams togetherTeam positionsShared explorationLock speedFull tech treeHidden civsTurbo modeCheats
Victory
Defeat
🇺🇸 Britons · United States
739
+13
🇧🇪 Mongols · Belgium
681
-26
[SSB] LisanAlGaib
10:13 Feudal Age
10:53 Double-Bit Axe
15:14 Loom
17:55 Castle Age
24:57 Scale Barding Armor
25:06 Bow Saw
28:32 Chain Barding Armor
31:20 Scale Mail Armor
34:09 Imperial Age
33:15 Chain Mail Armor
34:40 Elite Steppe Lancer
37:46 Bloodlines
37:38 Husbandry
46:23 Ballistics
47:04 Chemistry
46:39 Onager
<johnny>bravo
7:27 Loom
11:34 Feudal Age
16:44 Castle Age
14:36 Double-Bit Axe
14:34 Horse Collar
16:08 Gold Mining
17:20 Wheelbarrow
18:02 Town Watch
18:22 Heavy Plow
27:13 Gold Shaft Mining
26:31 Stone Mining
27:07 Bow Saw
31:27 Imperial Age
29:17 Hand Cart
29:30 Ballistics
29:12 Treadmill Crane
29:31 Murder Holes
29:36 Fletching
33:40 Pikeman
34:21 Squires
34:06 Arson
34:20 Bodkin Arrow
34:26 Padded Archer Armor
35:37 Two-Man Saw
34:47 Siege Engineers
34:53 Masonry
35:45 Chemistry
34:49 Warwolf
35:34 Conscription
35:20 Bracer
35:32 Forging
35:22 Scale Mail Armor
36:22 Leather Archer Armor
39:54 Architecture
40:20 Elite Longbowman
41:27 Yeomen
42:38 Halberdier
44:25 Iron Casting
44:05 Chain Mail Armor
44:38 Guilds
46:01 Chain Mail Armor
46:38 Fortified Wall
Connection lost

Rejoining the realm…

Still unreachable

The connection could not be restored.

Session expired

The server has moved on; the page needs a fresh start.